 Dungeon Crawl Stone Soup version 0.28.0-43-g3370ac3207 (webtiles) character file.

Game seed: 746803757337090757

973 Arctor the Sneak (level 7, -4/40 HPs)
             Began as a Vampire Necromancer on Mar 11, 2022.
             Was an Initiate of Kikubaaqudgha.
             Slain by a wyvern skeleton (6 damage)
             ... on level 6 of the Dungeon.
             The game lasted 00:15:56 (8217 turns).

Arctor the Sneak (Vampire Necromancer)              Turns: 8217, Time: 00:15:56

Health: -4/40      AC:  6    Str:  1 (7)  XL:     7   Next: 94%
Magic:  12/12      EV: 12    Int: 19 (24) God:    Kikubaaqudgha [......]
Gold:   308        SH:  0    Dex:  8 (14) Spells: 3/13 levels left

rFire   + . .      SeeInvis +   r - +4 dagger
rCold   + + +      Faith    .   (no shield)
rNeg    + + +      Spirit   .   w - +0 steam dragon scales
rPois   ∞          Reflect  .   (no helmet)
rElec   +          Harm     .   (no cloak)
rCorr   +          Rampage  .   (no gloves)
Will    .....                   h - +0 pair of boots
Stlth   +++++.....              t - amulet of magic regeneration
HPRegen 0.00/turn               l - ring of resist corrosion
MPRegen 0.53/turn               (no ring)

@: about to teleport, resistant, attractive, bloodless, inhibited regen
A: bloodless, fangs 3, see invisible, vampiric 2, clever 2
a: Bat Form, Revivify, Renounce Religion


You were on level 6 of the Dungeon.
You worshipped Kikubaaqudgha.
Kikubaaqudgha was noncommittal.
You visited 1 branch of the dungeon, and saw 6 of its levels.

You collected 308 gold pieces.

Inventory:

Hand Weapons
 d - a +0 dagger
 r - a +4 dagger (weapon)
Missiles
 e - a throwing net
Armour
 a - a +0 robe
 h - a +0 pair of boots (worn)
 w - +0 steam dragon scales (worn)
Jewellery
 l - a ring of resist corrosion (left hand)
 t - an amulet of magic regeneration (around neck)
Wands
 g - a wand of polymorph (15)
 k - a wand of acid (14)
 q - a wand of iceblast (8)
 v - a wand of mindburst (10)
Scrolls
 b - a scroll of amnesia
 c - a scroll of noise
 p - a scroll of teleportation
 s - a scroll of fear
Potions
 f - a potion of curing


   Skills:
 + Level 2.9 Fighting
 + Level 3.4 Short Blades
 + Level 4.5 Dodging
 + Level 6.5 Stealth
 + Level 3.8 Spellcasting
 + Level 6.0 Necromancy
 + Level 1.3 Evocations


You had 3 spell levels left.
You knew the following spells:

 Your Spells              Type           Power      Damage    Failure   Level
a - Pain                  Necr           100%       1d9       1%          1
b - Vampiric Draining     Necr           26%        2d7       3%          3
c - Animate Skeleton      Necr           52%        N/A       1%          1
d - Agony                 Necr           26%        N/A       32%         5

Your spell library contained the following spells:

 Spells                   Type           Power      Damage    Failure   Level
 Animate Dead             Necr           13%        N/A       12%         4


Dungeon Overview and Level Annotations

Branches:
Dungeon (6/15)
 Temple: D:4-7

Altars:
Fedhas
Kikubaaqudgha
Xom

Shops:
D:2 =   D:4 [=

Annotations:
D:2 1 runed translucent door, Crazy Yiuf
D:3 exclusion: oklob plant
D:4 Taeram's ghost, novice TrBe


Innate Abilities, Weirdness & Mutations

You do not regenerate when monsters are visible.
You are frail without blood (-20% HP).
You can heal yourself when you bite living creatures.
You are immune to poison.
You have razor-sharp teeth.
You have supernaturally acute eyesight. (SInv)
You are afflicted with vampirism and can become a bat while bloodless.
Your mind is very acute. (Int +4)


Message History

You hit the wyvern skeleton.
The wyvern skeleton is lightly damaged.
The wyvern skeleton barely misses you. The wight closely misses you.
You hit the wyvern skeleton. You bite the wyvern skeleton.
The wyvern skeleton is moderately damaged.
The wyvern skeleton closely misses you. The wight barely misses you.
You hit the wyvern skeleton.
The wyvern skeleton is moderately damaged.
The wyvern skeleton bites you! The wight hits you with a +1 scimitar.
You feel protected. The wyvern skeleton misses you. The wight misses you.
The wyvern skeleton bites you but does no damage.
Unknown command.
Okay, then.
You can't see any enemies this would affect, really read the scroll of fear?
Okay, then.
Okay, then.
As you read the scroll of teleportation, it crumbles to dust.
You feel strangely unstable. The wyvern skeleton bites you.
The wight hits you with a +1 scimitar!
* * * LOW HITPOINT WARNING * * *
As you read the scroll of fog, it crumbles to dust.
The scroll dissolves into smoke.
The wyvern skeleton closely misses you. The wight closely misses you.
Unknown command.
Okay, then.
Casting: Pain (safe; 1% risk of failure)
Confirm with . or Enter, or press ? or * to list all spells.
Okay, then.
Unknown command.
Okay, then.
You hit the wyvern skeleton.
The wyvern skeleton is heavily damaged.
The wyvern skeleton bites you!
* * * LOW HITPOINT WARNING * * *
You hit the wyvern skeleton.
The wyvern skeleton is heavily damaged.
The wyvern skeleton bites you.
You die...
Kikubaaqudgha rasps: "You have failed me!
Welcome... oblivion!"

#.###....###.###......
#.##......##....######
#.............(.#
#..########.#...#
####.## #.....#
#.....# #.'...+
#.....# #.#...#
#.<...#### #.#...#
#.....§Z@# #.#†..# .
#.....§#z# #.#...# ...
#......#§#
##.#...##....
#....).#.#
#.........###
###'##.#.# #.........#
#.##.#.# #.........#
#.##.#.# #.........#
#.##.#.# #.........#
#.##.#.. #.........#


You could see a wight and a wyvern skeleton.

Vanquished Creatures
  A steam dragon (D:6)
  A water moccasin (D:6)
  An ogre (D:6)
  A phantom (D:5)
  A water moccasin zombie (D:5)
  A scorpion (D:4)
  An orc priest (D:4)
  2 iguanas (D:6)
  Ijyb (D:3)
  Terence (D:3)
  4 orc wizards
  A hound skeleton (D:4)
  A mummy (D:5)
  5 gnolls
  5 adders
  A shadow imp (D:6)
  An ufetubus (D:6)
  2 worms (D:2)
  5 dart slugs
  4 orcs
  8 ball pythons
  10 bats
  7 endoplasms
  5 giant cockroaches
  8 goblins
  5 hobgoblins
  4 jackals (D:3)
  3 kobolds
  A quokka (D:5)
  2 hobgoblin zombies (D:5)
  3 rats
96 creatures vanquished.

Vanquished Creatures (others)
  6 plants (D:4)
  6 toadstools (D:3)
12 creatures vanquished.

Grand Total: 108 creatures vanquished

Notes
Turn   | Place    | Note
-------+----------+-------------------------------------------
     0 | D:1      | Arctor the Vampire Necromancer began the quest for the Orb.
     0 | D:1      | Reached XP level 1. HP: 13/13 MP: 3/3
   421 | D:1      | Reached XP level 2. HP: 19/20 MP: 3/5
   581 | D:1      | Found a faded altar of an unknown god.
  1461 | D:2      | Found Xiedwir's Jewellery Shoppe.
  1595 | D:2      | Gained mutation: You are afflicted with vampirism and can
                  | become a bat while bloodless. [Vampire growth]
  1595 | D:2      | Reached XP level 3. HP: 22/25 MP: 1/6
  1599 | D:2      | Learned a level 3 spell: Vampiric Draining
  1601 | D:2      | Learned a level 1 spell: Animate Skeleton
  1668 | D:2      | HP: 1/25 [dart slug/slug dart (6)]
  1805 | D:2      | Reached skill level 1 in Fighting
  1991 | D:2      | Found a runed translucent door.
  1992 | D:2      | Noticed Crazy Yiuf
  2086 | D:2      | Reached skill level 1 in Short Blades
  2109 | D:2      | Reached XP level 4. HP: 2/32 MP: 0/7
  2809 | D:3      | Noticed Terence
  2834 | D:3      | Killed Terence
  3225 | D:3      | Reached XP level 5. HP: 8/29 MP: 4/8
  3235 | D:3      | Reached skill level 5 in Necromancy
  3700 | D:3      | Found a blossoming altar of Fedhas.
  3700 | D:3      | Noticed Ijyb
  3706 | D:3      | Killed Ijyb
  3765 | D:3      | Noticed an oklob plant
  3887 | D:4      | Found a transporter.
  3946 | D:4      | Reached skill level 5 in Stealth
  4056 | D:4      | Noticed an ogre
  4194 | D:4      | Found an ancient bone altar of Kikubaaqudgha.
  4235 | D:4      | Became a worshipper of Kikubaaqudgha
  4357 | D:4      | Found Coanuep's Antique Armour Shop.
  4614 | D:4      | Found Ucihisix's Jewellery Boutique.
  4680 | D:4      | Reached XP level 6. HP: 35/35 MP: 5/10
  4779 | D:4      | Found a transporter.
  5198 | D:5      | Entered Level 5 of the Dungeon
  5362 | D:5      | Learned a level 5 spell: Agony
  5930 | D:5      | Reached XP level 7. HP: 24/40 MP: 10/12
  6349 | D:4      | Noticed Taeram's ghost (novice TrBe)
  6833 | D:6      | Noticed a steam dragon
  6840 | D:6      | Killed a steam dragon
  7059 | D:6      | Reached skill level 1 in Evocations
  7338 | D:6      | Found a shimmering altar of Xom.
  8142 | D:5      | Gained mutation: Your mind is acute. (Int +2) [potion of
                  | mutation]
  8142 | D:5      | Gained mutation: Your mind is very acute. (Int +4) [potion
                  | of mutation]
  8216 | D:6      | HP: 2/40 [wyvern skeleton (7)]
  8217 | D:6      | Slain by a wyvern skeleton

Illustrated notes

Levels and vault maps discovered:
D:1:      minmay_arrival_stone_box, layout_basic,
          ebering_ecumenical_altar_sacrificial, serial_curves, eino_curves_04,
          eino_curves_04
D:2:      minmay_skewed_foursquare, layout_loops_ring, serial_shops, shop,
          uniq_crazy_yiuf_cottage
D:3:      layout_loops_ring, nicolae_ru_path_of_blood, tgw_fedhas,
          cheibrodos_gnoll_hut, uniq_ijyb, uniq_terence
D:4:      layout_loops_corners, mainiacjoe_overflow_boulevard,
          gammafunk_ghost_gnarly_gnolls, serial_shops,
          nicolae_shop_competitors_out_of_business, nicolae_shop_statue_plus
D:5:      layout_layer_cave, nicolae_ossuary_entry_giza, chequers_avenue,
          minmay_statues_item, minivault_1
D:6:      layout_basic, mainiacjoe_overflow_surrounded_room,
          minmay_temple_entry_offerings, minmay_misc_feat_roman, minivault_19

Skill      XL: |  1  2  3  4  5  6  7 |
---------------+----------------------+-----
Fighting       | 1 2 |  2.9
Short Blades   | 1 2 3 |  3.4
Stealth        | 4 5 6 |  6.5
Dodging        | 3 4 |  4.5
Necromancy     | 5 6 |  6.0
Spellcasting   | 3 |  3.8
Evocations     | 1 |  1.3

Action                   |  1- 3 |  4- 6 |  7- 9 || total
-------------------------+-------+-------+-------++-------
Melee: Dagger            |    13 |    74 |    33 ||   120
       Unarmed           |     1 |       |       ||     1
       Bite              |       |     8 |     3 ||    11
       Punch             |       |     4 |       ||     4
 Cast: Pain              |    62 |    83 |    14 ||   159
       Vampiric Draining |       |     2 |     7 ||     9
       Animate Skeleton  |       |     3 |     2 ||     5
 Abil: Exsanguinate      |       |     1 |       ||     1
       End Transformatio |       |     3 |     1 ||     4
       Bat Form          |       |     3 |     1 ||     4
  Use: Potion            |     2 |       |     6 ||     8
       Scroll            |       |     2 |     6 ||     8
 Stab: Sleeping          |       |     9 |     4 ||    13
Armor: Robe              |    11 |     8 |     1 ||    20
       Steam dragon scal |       |       |     2 ||     2
Dodge: Dodged            |    41 |    60 |    34 ||   135
